 Dungeon Crawl Stone Soup version 0.30-a0-585-g93115170b9 (webtiles) character file.

Game seed: 14630288143848569137

62 Ijustatesigmund the Firebug (level 4, -2/32 (33) HPs)
             Began as a Barachi Fire Elementalist on Jan 2, 2023.
             Slain by a hobgoblin (5 damage)
             ... led by Robin
             ... on level 2 of the Dungeon.
             The game lasted 00:03:06 (1278 turns).

Ijustatesigmund the Firebug (BaFE)                  Turns: 1278, Time: 00:03:06

HP:   -2/32 (33)    AC:  2    Str: 11    XL:     4   Next: 8%
MP:   13/13         EV: 12    Int: 22    God:
Gold: 44            SH:  0    Dex: 12    Spells: 4/7 levels left

rFire   . . .      SeeInvis .    m - +6 Majin-Bo {vamp, MP+6 Int+6}
rCold   . . .      Faith    .    (shield currently unavailable)
rNeg    . . .      Spirit   .    a - +0 robe
rPois   .          Reflect  .    (no helmet)
rElec   .          Harm     .    (no cloak)
rCorr   .          Rampage  .    (no gloves)
Will    .....                    (no boots)
Stlth   ++                       (no amulet)
HPRegen 0.25/turn                (no ring)
MPRegen 0.13/turn                (no ring)

@: flying, lightly drained, slow
A: amphibious, slowness 1, strong legs 1, +LOS
a: Hop


You were on level 2 of the Dungeon.
You visited 1 branch of the dungeon, and saw 2 of its levels.

You collected 44 gold pieces.

Inventory:

Hand Weapons
 l - a +0 hand axe
 m - the +6 Majin-Bo (weapon) {vamp, MP+6 Int+6}
   (You found it on level 2 of the Dungeon)

   It heals its wielder for a portion of the damage dealt when they wound a
   living foe with it or with a spell.
   Its wielder's spells cost health as well as magical power.
   Int:       It affects your intelligence (+6).
   MP:        It affects your magic capacity (+6).
Armour
 a - a +0 robe (worn)
 k - +0 fire dragon scales
Jewellery
 h - an amulet of faith
Scrolls
 c - a scroll of enchant weapon {unknown}
 d - 2 scrolls of poison {unknown}
 f - a scroll of identify {unknown}
 j - a scroll of teleportation {unknown}
Potions
 b - a potion of magic
 e - a potion of flight
 g - a potion of curing {unknown}
 i - a potion of haste {unknown}


   Skills:
 + Level 2.0 Fighting
 + Level 1.5 Armour
 - Level 2.1 Dodging
 - Level 1.7 Stealth
 - Level 2.1 Spellcasting
 + Level 2.3 Conjurations
 + Level 3.9 Fire Magic


You had 4 spell levels left.
You knew the following spells:

 Your Spells              Type           Power      Damage    Failure   Level
a - Foxfire               Conj/Fire      64%        2x1d7     3%          1
b - Scorch                Fire           38%        2d7       4%          2

Your spell library contained the following spells:

 Spells                   Type           Power      Damage    Failure   Level
 Inner Flame              Hex/Fire       11%        N/A       19%         3
 Kindle Blastsparks       Fire/Tloc/Air  16%        2d11      24%         3
 Flame Wave               Conj/Fire      16%        2d7       36%         4


Dungeon Overview and Level Annotations

Branches:
Dungeon (2/15)

Altars:

Annotations:
D:2 Robin


Innate Abilities, Weirdness & Mutations

You are amphibious.
You cover ground slowly.
You can hop short distances.
You have an extended range of vision and can be seen from far away.


Message History

You hear a shout!
Robin throws the goblin at you! The goblin closely misses you.
The goblin hits you with a +0 dagger of draining.
You feel drained. The hobgoblin barely misses you.
You barely miss the goblin. The goblin barely misses you.
The goblin hits you but does no damage.
You feel drained. The hobgoblin closely misses you.
The hobgoblin barely misses you. The goblin misses you. The hobgoblin hits you.
The goblin barely misses you. The goblin completely misses you.
You sock the goblin!
You feel better.
You kill the goblin!
The goblin no longer looks unusually strong.
The hobgoblin no longer looks unusually strong.
Robin throws the goblin at you! The hobgoblin barely misses you.
The goblin hits you with a +0 dagger. The goblin barely misses you.
The goblin hits you with a +0 club. The goblin hits you with a +0 dagger.
The goblin closely misses you. The goblin attacks as you move away!
The goblin misses you. The goblin closely misses you.
The hobgoblin barely misses you. The hobgoblin attacks as you move away!
The hobgoblin barely misses you.
The goblin no longer looks unusually strong.
Robin throws the goblin at you! The goblin misses you.
You closely miss the goblin. The goblin hits you with a +0 dagger.
The goblin barely misses you. The hobgoblin hits you.
* * * LOW HITPOINT WARNING * * *
The goblin barely misses you. The goblin hits you but does no damage.
The hobgoblin hits you.
* * * LOW HITPOINT WARNING * * *
You hit the goblin.
The goblin is moderately wounded.
The goblin misses you.
Robin roars a battlecry!
The goblins go into a battle-frenzy!
The goblin barely misses you. The hobgoblin closely misses you.
It was a potion of flight.
You feel very buoyant.
You fly up into the air.
The goblin no longer looks unusually strong.
The goblin barely misses you. The hobgoblin hits you.
You die...

#.####.............####
#...##...................
###.........#......###..#
####.............#....
#...............#.###
#...................
#......##.g..###..#
####..###ggg.###.######
#.....g@ggg..........#.
###...#####g....#.#....<.
#....<# #...#........).
#.....# ##.###)........
#.....# #.# .......g..
#.....# #.##.#.#......
#.....# #.##. ..#...#.
####### ..... ..###...
..... ... #.


You could see Robin, 2 hobgoblins and 6 goblins.

Vanquished Creatures
  Jessica (D:2)
  A gnoll (D:1)
  A worm (D:2)
  5 endoplasms
  2 goblins (D:2)
  3 jackals (D:1)
  2 quokkas (D:1)
  3 bats
  3 frilled lizards (D:1)
  A kobold (D:1)
  A rat (D:1)
23 creatures vanquished.

Vanquished Creatures (others)
  60 foxfires
60 creatures vanquished.

Grand Total: 83 creatures vanquished

Notes
Turn   | Place    | Note
-------+----------+-------------------------------------------
     0 | D:1      | Ijustatesigmund the Barachi Fire Elementalist began the
                  | quest for the Orb.
     0 | D:1      | Reached XP level 1. HP: 13/13 MP: 3/3
   209 | D:1      | Reached XP level 2. HP: 7/20 MP: 0/5
   307 | D:1      | Reached skill level 1 in Fighting
   310 | D:1      | Learned a level 2 spell: Scorch
   882 | D:1      | Reached XP level 3. HP: 26/26 MP: 0/6
  1127 | D:2      | Reached skill level 1 in Armour
  1166 | D:2      | Found the +6 Majin-Bo {vamp, MP+6 Int+6}
  1260 | D:2      | Noticed Jessica
  1262 | D:2      | Noticed Robin
  1264 | D:2      | Killed Jessica
  1265 | D:2      | Reached XP level 4. HP: 33/33 MP: 7/7
  1278 | D:2      | Slain by a hobgoblin

Illustrated notes

Levels and vault maps discovered:
D:1:      heliophobic_arrival_glass_houses, layout_basic
D:2:      layout_rooms, uniq_jessica, uniq_robin

Skill      XL: |  1  2  3 |
---------------+----------+-----
Fighting       | 1 2 |  2.0
Conjurations   | 2 |  2.3
Armour         | 1 |  1.5
Dodging        | |  2.1
Stealth        | |  1.7
Spellcasting   | |  2.1
Fire Magic     | |  3.9

Action                   |  1- 3 |  4- 6 || total
-------------------------+-------+-------++-------
Melee: Quarterstaff      |     2 |     6 ||     8
 Cast: Foxfire           |    36 |       ||    36
       Scorch            |     1 |       ||     1
  Use: Potion            |       |     1 ||     1
Armor: Robe              |     5 |     3 ||     8
Dodge: Dodged            |    20 |    26 ||    46

Table legend: (Time is in decaauts)
 A = Elapsed time spent in this place.
 B = Non-inter-level travel time spent in this place.
 C = Inter-level travel time spent in this place.
 D = Time resting spent in this place.
 E = Time spent auto-exploring this place.
 F = Levels seen in this place.
 G = Mean time per level.
                   A        B        C        D        E       F      G
               +--------+--------+--------+--------+--------+-----+--------+
         Total |   1425 |   1383 |     42 |    158 |    975 |   2 |  712.5 |
       Dungeon |   1425 |   1383 |     42 |    158 |    975 |   2 |  712.5 |
               +--------+--------+--------+--------+--------+-----+--------+

Top non-repeatable levels by time:
     D:1: 1247 daAuts
     D:2: 178 daAuts
